 Dungeon Crawl Stone Soup version 0.28.0-49-g6dfe1f597d (webtiles) character file.

Game seed: 10156933822015544158

49 unlimited1921 the Firebug (level 3, -2/21 HPs)
             Began as an Octopode Fire Elementalist on May 18, 2022.
             Slain by a gnoll
             ... wielding a +0 halberd
              (17 damage)
             ... on level 2 of the Dungeon.
             The game lasted 00:05:28 (2252 turns).

unlimited1921 the Firebug (OpFE)                    Turns: 2252, Time: 00:05:28

Health: -2/21      AC:  1    Str:  7    XL:     3   Next: 75%
Magic:  2/6        EV: 13    Int: 19    God:
Gold:   14         SH:  0    Dex: 12    Spells: 5/6 levels left

rFire   . . .      SeeInvis .   e - +0 hand axe
rCold   . . .      Faith    .   (no shield)
rNeg    . . .      Spirit   .   (helmet restricted)
rPois   .          Reflect  .   (no amulet)
rElec   .          Harm     .   (no ring)
rCorr   .          Rampage  .   (no ring)
Will    .....                   (no ring)
Stlth   +++.......              (no ring)
HPRegen 0.07/turn               (no ring)
MPRegen 0.10/turn               (no ring)
                                (no ring)
                                (no ring)

@: very slightly contaminated
A: almost no armour, amphibious, 8 rings, camouflage 1, gelatinous body 1,
(nimble swimmer 1), tentacles
a: no special abilities


You were on level 2 of the Dungeon.
You visited 1 branch of the dungeon, and saw 2 of its levels.

You collected 14 gold pieces.

Inventory:

Hand Weapons
 b - a +0 short sword
 e - a +0 hand axe (weapon)
Missiles
 a - 51 stones
 f - a throwing net
Scrolls
 c - a scroll of enchant weapon {unknown}
 d - 2 scrolls of amnesia {unknown}


   Skills:
 + Level 0.3 Fighting
 + Level 0.6 Axes
 + Level 2.0 Dodging
 + Level 3.2 Stealth
 + Level 2.4 Spellcasting
 + Level 1.6 Conjurations
 + Level 3.5 Fire Magic


You had 5 spell levels left.
You knew the following spells:

 Your Spells              Type           Power      Damage    Failure   Level
a - Foxfire               Conj/Fire      48%        2x1d6     5%          1

Your spell library contained the following spells:

 Spells                   Type           Power      Damage    Failure   Level
 Scorch                   Fire           30%        2d7       5%          2
 Conjure Flame            Conj/Fire      12%        6-21      17%         3
 Inner Flame              Hex/Fire       9%         N/A       24%         3
 Flame Wave               Conj/Fire      12%        2d6       50%         4


Dungeon Overview and Level Annotations

Branches:
Dungeon (2/15)

Altars:


Innate Abilities, Weirdness & Mutations

You cannot wear most types of armour.
You are amphibious.
You can wear up to eight rings at the same time.
Your skin changes colour to match your surroundings (Stealth+).
Your rubbery body absorbs attacks. (AC +1, EV +1)
((You are camouflaged when in or above water. (Stealth+)))
You have tentacles for arms and can constrict up to eight enemies at once.


Message History

Your foxfire dissipates!
You start resting.
Your foxfire dissipates! x2
You start resting.
Magic restored.
Things that are here:
a +0 spear; a scroll labelled HAMPAU FENYNNESCH
Casting: Foxfire (safe; 6% risk of failure)
Confirm with . or Enter, or press ? or * to list all spells.
You conjure some foxfire!
The gnoll shouts! x2
Casting: Foxfire (safe; 6% risk of failure)
Confirm with . or Enter, or press ? or * to list all spells.
You conjure some foxfire!
The foxfire hits the gnoll.
The gnoll is moderately wounded.
The foxfire hits the gnoll.
The gnoll is heavily wounded.
The foxfire hits the gnoll.
The gnoll is severely wounded.
The foxfire hits the gnoll.
The gnoll is almost dead.
Casting: Foxfire (safe; 6% risk of failure)
Confirm with . or Enter, or press ? or * to list all spells.
You miscast Foxfire.
You are very lightly contaminated with residual magic.
Nothing appears to happen.
Casting: Foxfire (safe; 6% risk of failure)
Confirm with . or Enter, or press ? or * to list all spells.
You miscast Foxfire.
Nothing appears to happen.
Casting: Foxfire (safe; 6% risk of failure)
Confirm with . or Enter, or press ? or * to list all spells.
You conjure some foxfire!
The gnoll hits you with a +0 flail.
The foxfire hits the gnoll.
You kill the gnoll!
The foxfire hits the gnoll.
The gnoll is moderately wounded.
There is a stone staircase leading up here.
The gnoll hits you from afar with a +0 halberd!
Ouch! That really hurt!
You die...

...#.###...........##
#.....#
#.##.......)........##
##.g.##
#.#######..†..##.....# #...#
#.# ######.####.....# #.gg#
#.# #.......###.....# #.g.#
#.#
#........##....########.<.##
#.#
#........#......##..........
..#
#........#....)...).........
.##
#........#.@.gg.##......>...
..#
#........##..[.######.#...#.
..# #........#####.#
#.#...#. ..# ########## #.#
#.#...#. #.# #######.#
#.#...#
#.###########.......#
#.#...#
..............#######
#...... #.##..######### ...
#.##..#


You could see 2 gnolls.

Vanquished Creatures
  2 gnolls (D:2)
  A dart slug (D:1)
  3 bats
  2 endoplasms
  2 giant cockroaches
  3 goblins
  A hobgoblin (D:2)
  3 kobolds
  2 quokkas (D:1)
  5 ball pythons
  A rat (D:1)
25 creatures vanquished.

Vanquished Creatures (others)
  62 foxfires
62 creatures vanquished.

Grand Total: 87 creatures vanquished

Notes
Turn   | Place    | Note
-------+----------+-------------------------------------------
     0 | D:1      | unlimited1921 the Octopode Fire Elementalist began the
                  | quest for the Orb.
     0 | D:1      | Reached XP level 1. HP: 11/11 MP: 3/3
    67 | D:1      | Found a faded altar of an unknown god.
   631 | D:1      | Reached XP level 2. HP: 17/17 MP: 3/5
  1963 | D:2      | Reached XP level 3. HP: 21/21 MP: 2/6
  2252 | D:2      | Slain by a gnoll

Illustrated notes

Levels and vault maps discovered:
D:1:      mainiacjoe_arrival_reflecting_pool, layout_loops_cross,
          ebering_ecumenical_altar_sacrificial
D:2:      layout_loops_cross, serial_shops, nicolae_shop_waterfront, shop, shop,
          nicolae_square_shop, minmay_pentomino_q4

Skill      XL: |  1  2 |
---------------+-------+-----
Stealth        | 3 |  3.2
Fighting       | |  0.3
Axes           | |  0.6
Dodging        | |  2.0
Spellcasting   | |  2.4
Conjurations   | |  1.6
Fire Magic     | |  3.5

Action                   || total
-------------------------++-------
Melee: Hand axe          ||    19
       Constrict         ||     5
       Tentacles         ||     4
 Cast: Foxfire           ||    39
 Stab: Sleeping          ||     4
Armor: Skin              ||     4
Dodge: Dodged            ||    17
